AoeStats
← 极地沙尘暴

Arena

507991509Analyzed
1v1 RM · 12d ago on Sep 20, 2026· 35m 41s· 2 players
Game mode
Random Map
Map size
Tiny (2 player)
Population
200
Speed
Normal
Resources
Standard
Victory
Conquest
Starting age
Dark Age
Ending age
Imperial Age
RankedLock teamsTeams togetherTeam positionsShared explorationLock speedFull tech treeHidden civsTurbo modeCheats
Victory
Defeat
🇷🇺 Khmer · Russia
1503
+14
🇨🇳 Jurchens · China
1463
-14
极地沙尘暴
10:56 Feudal Age
11:45 Double-Bit Axe
14:31 Castle Age
13:01 Horse Collar
14:51 Loom
19:35 Bow Saw
19:01 Light Cavalry
19:51 Bloodlines
24:53 Wheelbarrow
28:44 Imperial Age
27:06 Gold Mining
27:23 Squires
27:43 Scale Mail Armor
27:54 Forging
30:06 Heavy Plow
31:10 Two-Man Saw
31:12 Husbandry
31:52 Scale Barding Armor
32:11 Conscription
35:38 Chemistry
34:56 Hand Cart
35:30 Fortified Bastions
boomer2000
10:32 Feudal Age
14:41 Castle Age
13:18 Double-Bit Axe
13:27 Horse Collar
17:20 Light Cavalry
20:03 Loom
24:39 Bloodlines
25:30 Wheelbarrow
25:34 Scale Barding Armor
25:52 Gold Mining
27:00 Stone Mining
27:45 Gold Shaft Mining
28:14 Hand Cart
31:39 Imperial Age
29:48 Bow Saw
31:38 Husbandry
31:52 Cavalier
31:53 Hussar
33:36 Chemistry
33:15 Town Watch
33:58 Double Crossbow
34:27 Chain Barding Armor
33:59 Fletching
34:20 Forging
35:02 Town Patrol
36:10 Plate Barding Armor
Connection lost

Rejoining the realm…

Still unreachable

The connection could not be restored.

Session expired

The server has moved on; the page needs a fresh start.